 Dungeon Crawl Stone Soup version 0.23-a0-182-g58cdd98 (webtiles) character file.

67 Felrender the Firebug (level 4, -1/40 HPs)
             Began as an Ogre Fire Elementalist on Sept 21, 2018.
             Slain by Sigmund
             ... wielding a +0 scythe
              (10 damage)
             ... on level 2 of the Dungeon.
             The game lasted 00:09:36 (2496 turns).

Felrender the Firebug (Ogre Fire Elementalist)      Turns: 2496, Time: 00:09:37

Health: -1/40      AC:  4    Str: 12    XL:     4   Next: 18%
Magic:  1/7        EV: 10    Int: 17    God:
Gold:   113        SH:  0    Dex:  9    Spells: 2/8 levels left

rFire    . . .     SeeInvis .   e - +0 short sword
rCold    . . .     Gourm    .   (no shield)
rNeg     . . .     Faith    .   a - +1 robe
rPois    .         Spirit   .   (helmet restricted)
rElec    .         Reflect  .   (no cloak)
rCorr    .         Harm     .   (gloves unavailable)
MR       .....                  (boots unavailable)
Stlth    ++........             (no amulet)
HPRegen  0.13/turn              (no ring)
MPRegen  0.10/turn              (no ring)

@: very slightly contaminated
A: large, unfitting armour, tough skin 1
a: no special abilities


You were on level 2 of the Dungeon.
You were not hungry.

You visited 1 branch of the dungeon, and saw 2 of its levels.

You collected 113 gold pieces.

Inventory:

Hand Weapons
 d - a +0 spear
 e - a +0 short sword (weapon)
Armour
 a - a +1 robe (worn)
Scrolls
 b - a scroll of identify
 f - a scroll of teleportation
 g - a scroll of fog
 i - a scroll of remove curse
Potions
 h - a potion of invisibility
 j - a potion of ambrosia
 k - a potion of flight {unknown}
Comestibles
 c - 5 rations
 l - 2 chunks of flesh


   Skills:
 + Level 0.4 Fighting
 + Level 1.4 Short Blades
 + Level 2.4 Dodging
 + Level 1.7 Stealth
 + Level 2.6 Spellcasting
 + Level 0.9 Conjurations
 * Level 3.2 Fire Magic


You had 2 spell levels left.
You knew the following spells:

 Your Spells              Type           Power        Failure   Level  Hunger
a - Flame Tongue          Conj/Fire      #....        8%          1    #......
b - Throw Flame           Conj/Fire      #.....       12%         2    ##.....
c - Inner Flame           Hex/Fire       #.......     28%         3    ###....

Your spell library contained the following spells:

 Spells                   Type           Power        Failure   Level  Hunger
 Conjure Flame            Conj/Fire      #.......     22%         3    ###....
 Sticky Flame             Conj/Fire      #.......     58%         4    #####..
 Fireball                 Conj/Fire      #.........   91%         5    ######.


Dungeon Overview and Level Annotations

Branches:
Dungeon (2/15)

Altars:

Annotations:
D:2 Sigmund


Innate Abilities, Weirdness & Mutations

You are too large for most types of armour.
You have tough skin. (AC +1)


Message History

The puff of flame misses Sigmund.
Sigmund hits you with a scythe!
* * * LOW HITPOINT WARNING * * *
You barely miss Sigmund.
Sigmund is heavily wounded.
Sigmund barely misses you.
You hit Sigmund.
Sigmund is heavily wounded.
You barely miss Sigmund.
Sigmund is heavily wounded.
Sigmund barely misses you.
You barely miss Sigmund.
Sigmund is heavily wounded.
Sigmund hits you with a scythe.
* * * LOW HITPOINT WARNING * * *
You completely miss Sigmund.
Sigmund is heavily wounded.
You hit Sigmund.
Sigmund is severely wounded.
Sigmund hits you with a scythe!
You die...

#######.#..# #.#
#..........# #.#
#.#####.#..#### #.#
#.# #.#.....# #.#
#.#####.#.###.###.##
#.........# #......#
#########.###.###..##
########.....# #....
#.@@.....#.### #.##.
$!....########.#
#.##. #.###
######.#####.##.
...........†.....
#########.##.....
#.##..... #........
#######.. ###


You could see Sigmund.

Vanquished Creatures
  An adder (D:2)
  3 oozes
  A worm (D:2)
  2 dart slugs (D:2)
  3 leopard geckos
  3 ball pythons
  4 giant cockroaches
  3 goblins
  2 hobgoblins
  A kobold (D:2)
  6 bats
  3 frilled lizards
  6 rats
38 creatures vanquished.

Notes
Turn   | Place    | Note
-------+----------+-------------------------------------------
     0 | D:1      | Felrender the Ogre Fire Elementalist began the quest for
                  | the Orb.
     0 | D:1      | Reached XP level 1. HP: 16/16 MP: 3/3
   614 | D:1      | Reached XP level 2. HP: 24/24 MP: 3/5
   773 | D:1      | Reached skill level 3 in Fire Magic
  1502 | D:2      | Reached XP level 3. HP: 22/31 MP: 6/6
  1961 | D:2      | Reached skill level 1 in Short Blades
  2270 | D:2      | Reached XP level 4. HP: 31/40 MP: 5/7
  2299 | D:2      | Learned a level 2 spell: Throw Flame
  2303 | D:2      | Learned a level 3 spell: Inner Flame
  2460 | D:2      | Noticed Sigmund
  2496 | D:2      | Slain by Sigmund

Vault maps used:
D:1:      evilmike_arrival_hilbert_curve, minmay_door_square,
          minmay_pentomino_q2
D:2:      uniq_crazy_yiuf_cottage, uniq_sigmund

Skill      XL: |  1  2  3 |
---------------+----------+-----
Dodging        | 2 |  2.4
Fire Magic     | 3 |  3.2
Short Blades   | 1 |  1.4
Fighting       | |  0.4
Stealth        | |  1.7
Spellcasting   | |  2.6
Conjurations   | |  0.9

Action                   |  1- 3 |  4- 6 || total
-------------------------+-------+-------++-------
Melee: Unarmed           |    10 |       ||    10
       Short sword       |   115 |    32 ||   147
 Cast: Flame Tongue      |    24 |       ||    24
       Throw Flame       |       |     7 ||     7
  Use: Scroll            |     9 |       ||     9
 Stab: Sleeping          |     1 |     1 ||     2
  Eat: Chunk             |     1 |     1 ||     2
       Ration            |     1 |       ||     1
Armor: Robe              |    43 |     7 ||    50
Dodge: Dodged            |    78 |    16 ||    94

Table legend:
 A = Non-vault XP
 B = Vault XP
 C = Vault XP percentage of total XP
 D = Non-vault monster count
 E = Vault monster count
 F = Vault count percentage of total count
                 A         B        C        D         E       F
            +---------+---------+-------+---------+---------+-------
      Total |      94 |       3 |   3.1 |      36 |       2 |   5.3
            +---------+---------+-------+---------+---------+-------
        D:1 |      28 |       3 |   9.7 |      14 |       2 |  12.5
        D:2 |      66 |       0 |   0.0 |      22 |       0 |   0.0
            +---------+---------+-------+---------+---------+-------
